 Dungeon Sprint DCSS version 0.30-a0-341-g682706514a (webtiles) character file.

Game seed: 9863209197144302060

1900000 p00ps00p the Conqueror (level 16, -16/183 HPs)
             Began as a Hill Orc Monk on Nov 4, 2022.
             Was a High Priest of Makhleb.
             Demolished by a destroyer
             ... wielding a +9 vorpal great sword
              (189 damage)
             ... in the Dungeon (Sprint VIII: "Arena of Blood").
             The game lasted 00:02:00 (19 turns).

p00ps00p the Conqueror (Hill Orc Monk)                Turns: 19, Time: 00:02:00

Health: -16/183    AC:  3    Str: 22    XL:     16   Next: 70%
Magic:  16/16      EV: 22    Int: 10    God:    Makhleb [*****.]
Gold:   0          SH:  0    Dex: 13    Spells: 15/15 levels left

rFire   . . .      SeeInvis .    j - +∞ Axe of Woe
rCold   . . .      Faith    .    (shield currently unavailable)
rNeg    . . .      Spirit   .    b - +0 robe
rPois   .          Reflect  .    (no helmet)
rElec   .          Harm     .    (no cloak)
rCorr   .          Rampage  .    (no gloves)
Will    +....      NoTele   +    (no boots)
Stlth   +++++++...               (no amulet)
HPRegen 0.50/turn                (no ring)
MPRegen 0.15/turn                (no ring)

@: on berserk cooldown, slowed, very slow
A: no striking features
a: Renounce Religion, Minor Destruction, Lesser Servant of Makhleb, Major
Destruction, Greater Servant of Makhleb


You were in the Dungeon.
You worshipped Makhleb.
Makhleb was extremely pleased with you.
You visited 1 branch

Inventory:

Hand Weapons
 a - a +0 mace
 j - the +∞ Axe of Woe (weapon)
   (You found it in the Dungeon)
 k - a +9 war axe
Armour
 b - a +0 robe (worn)
Jewellery
 h - a +30 ring of slaying
Scrolls
 i - a scroll of blinking
Potions
 c - a potion of ambrosia
 d - a potion of curing
 e - a potion of heal wounds
 f - a potion of haste
 g - 2 potions of magic


   Skills:
 O Level 27 Fighting
 - Level 6.8(21.7) Axes
 + Level 26.7(26.9) Maces & Flails
 + Level 21.2 Armour
 + Level 21.3 Dodging
 + Level 19.1 Stealth


You had 15 spell levels left.
You didn't know any spells.
Your spell library was empty.

Dungeon Overview and Level Annotations

Branches:
Dungeon (1/1)

Altars:
Makhleb


Message History

The destroyer points at you and mumbles some strange words.
The destroyer blinks!
You hear a shout! x4
A meat berserker comes into view. It is wielding a +9 battleaxe.
You hear a shout! x2
The bag of meat moves out of view.
You have mastered Fighting!
Your Maces & Flails skill gained 2 levels and is now at level 25!
Your Armour skill gained 3 levels and is now at level 19!
Your Dodging skill gained 2 levels and is now at level 20!
Your Stealth skill gained 3 levels and is now at level 18!
You have reached level 16!
The destroyer shouts!
You cut the bag of meat into ribbons!!!
You dissect the bag of meat like a pig carcass.
You kill the bag of meat!
Makhleb accepts your kill.
You slice the bag of meat!!
You dissect the bag of meat like a pig carcass.
You kill the bag of meat!
Makhleb accepts your kill.
You hear a shout! x5
The meat berserker rages.
You hear a shout! x4
A meat berserker comes into view. It is wielding a +9 battleaxe.
You hear a shout! x3
Your Maces & Flails skill increases to level 26!
Your Armour skill gained 2 levels and is now at level 21!
Your Dodging skill increases to level 21!
Your Stealth skill increases to level 19!
A meat berserker comes into view. It is wielding a +9 battleaxe.
k - a +9 war axe You hear a shout! x6
A bag of meat comes into view. It is wielding a +9 war axe. x2
You hear a shout!
The meat berserker rages. x2
The bag of meat hits you with a +9 war axe!
The destroyer hits you with a +9 vorpal great sword!!!!!
Ouch! That really hurt!
You die...

#. ...# #.. ...#
. .###..
...###..o
......###........
......_..... ...
#.....# ....
#_.<)_# .....
..#..)).#......
.....o_.@V.o....
......###o)......
.###.. oO.###...
#.. ...o# .. #.
.....# .........
......o..
..........


You could see a destroyer, a meat berserker (berserk) and 7 bags of meat.

Vanquished Creatures
  5 ogres (D)
  7 orcs (D)
12 creatures vanquished.

Notes
Turn   | Place    | Note
-------+----------+-------------------------------------------
     0 | D        | Found the +∞ Axe of Woe
     0 | D        | p00ps00p the Hill Orc Monk began the quest for the Orb.
     0 | D        | Reached XP level 1. HP: 19/19 MP: 1/1
     1 | D        | Noticed a bag of meat
     2 | D        | Noticed a bag of meat
     3 | D        | Noticed a meat berserker
     4 | D        | Became a worshipper of Makhleb the Destroyer
     4 | D        | Reached * piety under Makhleb
     4 | D        | Reached ** piety under Makhleb
     6 | D        | Killed a meat berserker
     7 | D        | Reached skill level 20 in Fighting
     7 | D        | Reached XP level 2. HP: 56/56 MP: 2/2
     7 | D        | Reached XP level 3. HP: 63/63 MP: 3/3
     7 | D        | Reached XP level 4. HP: 71/71 MP: 4/4
     7 | D        | Reached XP level 5. HP: 79/79 MP: 5/5
     7 | D        | Reached XP level 6. HP: 86/86 MP: 6/6
     7 | D        | Reached XP level 7. HP: 94/94 MP: 7/7
     7 | D        | Reached XP level 8. HP: 102/102 MP: 8/8
     7 | D        | Reached XP level 9. HP: 108/108 MP: 9/9
     7 | D        | Reached XP level 10. HP: 117/117 MP: 10/10
     7 | D        | Reached XP level 11. HP: 124/124 MP: 11/11
     7 | D        | Reached XP level 12. HP: 133/133 MP: 12/12
     7 | D        | Noticed a meat berserker
     8 | D        | Killed a bag of meat
     8 | D        | Noticed a meat berserker
     9 | D        | Reached skill level 21 in Fighting
     9 | D        | Reached skill level 15 in Dodging
    10 | D        | Killed a bag of meat
    11 | D        | Reached skill level 22 in Fighting
    11 | D        | Reached skill level 10 in Stealth
    11 | D        | Reached XP level 13. HP: 145/145 MP: 13/13
    11 | D        | Killed a meat berserker
    11 | D        | Reached *** piety under Makhleb
    12 | D        | Reached skill level 23 in Fighting
    12 | D        | Reached XP level 14. HP: 157/157 MP: 14/14
    12 | D        | Noticed a bag of meat
    12 | D        | Noticed a meat berserker
    13 | D        | Noticed a bag of meat
    13 | D        | Noticed a bag of meat
    13 | D        | Noticed a bag of meat
    13 | D        | Noticed a bag of meat
    14 | D        | Killed a meat berserker
    14 | D        | Noticed a meat berserker
    15 | D        | Reached skill level 24 in Fighting
    15 | D        | Noticed a bag of meat
    15 | D        | Noticed a bag of meat
    16 | D        | Noticed a bag of meat
    16 | D        | Killed a bag of meat
    16 | D        | Killed a meat berserker
    16 | D        | Reached **** piety under Makhleb
    16 | D        | Noticed a bag of meat
    16 | D        | Noticed a bag of meat
    16 | D        | Noticed a destroyer
    17 | D        | Reached skill level 26 in Fighting
    17 | D        | Reached skill level 15 in Stealth
    17 | D        | Reached XP level 15. HP: 151/171 MP: 15/15
    17 | D        | Killed a meat berserker
    17 | D        | Reached ***** piety under Makhleb
    17 | D        | Noticed a meat berserker
    18 | D        | Reached skill level 27 in Fighting
    18 | D        | Reached XP level 16. HP: 183/183 MP: 16/16
    18 | D        | Noticed a destroyer
    18 | D        | Noticed a meat berserker
    19 | D        | Noticed a meat berserker
    19 | D        | Demolished by a destroyer

Illustrated notes

Levels and vault maps discovered:
D:        meatsprint

Skill      XL: |  1  2  3  4  5  6  7  8  9 10 11 12 13 14 15 16 |
---------------+-------------------------------------------------+-----
Fighting       | 20 22 23 26 27 | 27.0
Axes           | 6 |  6.8
Maces & Flails | 18 20 21 23 25 26 | 26.7
Dodging        | 14 15 16 18 20 21 | 21.3
Stealth        | 6 10 12 15 18 19 | 19.1
Armour         | 9 12 16 19 21 | 21.2

Action                   |  1- 3 |  4- 6 |  7- 9 | 10-12 | 13-15 | 16-18 || total
-------------------------+-------+-------+-------+-------+-------+-------++-------
Melee: Executioner's axe |     1 |       |       |     2 |     4 |     1 ||     8
  Use: Potion            |     1 |       |       |       |       |       ||     1
Dodge: Dodged            |       |       |       |       |     1 |       ||     1

Table legend: (Time is in decaauts)
 A = Elapsed time spent in this place.
 B = Non-inter-level travel time spent in this place.
 C = Inter-level travel time spent in this place.
 D = Time resting spent in this place.
 E = Time spent auto-exploring this place.
 F = Levels seen in this place.
 G = Mean time per level.
                   A        B        C        D        E       F      G
               +--------+--------+--------+--------+--------+-----+--------+
         Total |     19 |     19 |      0 |      0 |      0 |   1 |   19.0 |
       Dungeon |     19 |     19 |      0 |      0 |      0 |   1 |   19.0 |
               +--------+--------+--------+--------+--------+-----+--------+

Top non-repeatable levels by time:
       D: 19 daAuts
